 Dungeon Crawl Stone Soup version 0.31.0-1-g2c135a008e (webtiles) character file.

Game seed: 1632300330890646340

153 qw the Shooter (level 5, 0/40 HPs)
             Began as a Djinni Hunter on Jan 24, 2024.
             Slain by an orc wizard
             ... wielding a +0 dagger
              (2 damage)
             ... on level 3 of the Dungeon.
             The game lasted 00:00:06 (1627 turns).

qw the Shooter (Djinni Hunter)                      Turns: 1627, Time: 00:00:06

Health: 0/40       AC:  4    Str: 10    XL:     5   Next: 61%
Gold:   89         EV: 13    Int: 11    God:
                   SH:  0    Dex: 18

rFire   + + .        a - +1 shortbow
rCold   x . .        (shield currently unavailable)
rNeg    . . .        c - +0 leather armour
rPois   inf          (no helmet)
rElec   .            h - +0 cloak
rCorr   .            (no gloves)
SInv    .            (boots unavailable)
Will    .....        (no amulet)
Stlth   ++           (no ring)
HPRegen 0.26/turn    (no ring)
MPRegen 0.00/turn

%: infuse magic (-1 HP)
@: flying
A: sickness immunity, fire resistance 2, cold vulnerability 1, float, innate
caster, HP casting, extra vitality 1
a: no special abilities


You were on level 3 of the Dungeon.
You visited 1 branch of the dungeon, and saw 3 of its levels.

You collected 89 gold pieces.


Innate Abilities, Weirdness & Mutations

You are immune to sickness and miasma.
You are immune to poison.
Your flesh is very heat resistant. (rF++)
You are vulnerable to cold. (rC-)
You float through the air rather than walking.
You learn spells naturally, not from books.
Your magical power is your life essence.
You have superior vitality. (+4 MHP)


   Skills:
 - Level 3.1 Fighting
 + Level 4.5 Ranged Weapons
 - Level 3.2 Dodging
 - Level 0.7 Stealth


You knew the following spells:

 Your Spells              Type           Power      Damage    Failure   Level
a - Apportation           Tloc           0%         N/A       43%         1
b - Lesser Beckoning      Tloc           0%         N/A       58%         2
Your spell library was empty.

Inventory:

Hand Weapons
 a - a +1 shortbow (weapon)
Armour
 c - a +0 leather armour (worn)
 h - a +0 cloak (worn)
Potions
 b - a potion of haste
 f - a potion of cancellation {unknown}

Dungeon Overview and Level Annotations

Branches:
Dungeon (3/15)

Altars:
Nemelex Xobeh


Message History

The orc is moderately wounded.
The orc barely misses you.
The orc priest begins to cast a cantrip, but forgets the words!
You shoot an arrow. The arrow barely misses the orc.
The orc hits you with a +0 whip. Something hits you.
The orc closely misses you. Something hits you but does no damage.
You shoot an arrow. The arrow closely misses the orc.
The orc hits you with a +0 whip.
The orc priest calls upon Beogh to heal the orc.
The orc's wounds heal themselves!
Something hits you.
You hear a shout!
You shoot an arrow. The arrow hits the orc!
You kill the orc!
Something hits you but does no damage.
You shoot an arrow. The arrow hits the orc priest.
The orc priest is heavily wounded.
Something hits you but does no damage.
You shoot an arrow.
The arrow closely misses the orc priest.
You hear some strange, mumbled words.
Something tries to affect you, but you resist.
An orc comes into view. It is wielding a +0 club.
You shoot an arrow. The orc shouts!
The arrow hits the orc priest.
The orc priest is severely wounded.
Something hits you but does no damage.
The orc priest hits you with a +0 flail!
The orc priest closely misses you. Something hits you but does no damage.
You shoot an arrow. The arrow hits the orc priest.
The orc priest is almost dead.
An orc comes into view. It is wielding a +0 club.
The orc priest hits you but does no damage.
Something hits you.
You shoot an arrow. The arrow barely misses the orc priest.
The arrow hits the orc.
The orc is severely wounded.
The orc priest calls down the wrath of Beogh upon you.
Pain shoots through your body! Something hits you.
You die...

..... o.. ..)
.o. #####.#
#.....# #...)o#
#...{@#
#####.#######
###.......#
............#.#
###########.#.#
#.....#.#.#
#.###.#.#.#
#.#<#.#.#.#
#.#.#.#.#.#


You could see an orc priest and 2 orcs.

Vanquished Creatures
  Natasha (twice) (D:2)
  3 gnolls (D:2)
  An adder (D:2)
  3 ribbon worms (D:2)
  2 orcs (D:3)
  6 bats
  4 endoplasms
  5 giant cockroaches
  4 goblins
  6 hobgoblins
  A quokka (D:1)
  4 ball pythons
  4 frilled lizards
  4 kobolds
  4 rats (D:1)
53 creatures vanquished.

Notes
Turn   | Place    | Note
-------+----------+-------------------------------------------
     0 | D:1      | qw the Djinni Hunter began the quest for the Orb.
     0 | D:1      | Reached XP level 1. HP: 18/18 MP: 0/0
     0 | D:1      | 0 ||| qw: Version: 0.3-a-136-gdd3b4e8
     0 | D:1      | 0 ||| qw: Game counter: 1260
     0 | D:1      | 0 ||| qw: Melee chars always use a shield: true
     0 | D:1      | 0 ||| qw: God list: Okawaru
     0 | D:1      | 0 ||| qw: Allow faded altars: false
     0 | D:1      | 0 ||| qw: Do Orc after clearing Dungeon:15 true
     0 | D:1      | 0 ||| qw: Do second Lair branch before Depths: true
     0 | D:1      | 0 ||| qw: Lair rune preference: random
     0 | D:1      | 0 ||| qw: Goals: Normal
     0 | D:1      | 0 ||| PLANNING D:1-11
   152 | D:1      | Reached XP level 2. HP: 23/23 MP: 0/0
   374 | D:1      | Reached XP level 3. HP: 18/28 MP: 0/0
   374 | D:1      | Learned a level 1 spell: Apportation
   376 | D:1      | Reached skill level 4 in Ranged Weapons
   532 | D:1      | Found a faded altar of an unknown god.
   893 | D:1      | 893 ||| DROPPING scarf of invisibility.
   894 | D:1      | 894 ||| UPGRADING to +0 cloak.
   899 | D:1      | 899 ||| READING 2 scrolls labelled FAFIKA CODDYJO.
   899 | D:1      | 899 ||| IDENTIFYING pink potion
   900 | D:1      | 900 ||| READING scroll of identify.
   900 | D:1      | 900 ||| IDENTIFYING fuming black potion
   901 | D:1      | 901 ||| READING scroll labelled OHON ZOTSEOF.
   901 | D:1      | 901 ||| ENCHANTING +0 shortbow.
   902 | D:1      | 902 ||| READING 2 scrolls labelled SIZARU HAPTO.
  1003 | D:1      | 1003 ||| DROPPING scroll of butterflies.
  1004 | D:1      | 1004 ||| DROPPING scroll of vulnerability.
  1005 | D:1      | 1005 ||| DROPPING potion of degeneration.
  1006 | D:1      | 1006 ||| DROPPING potion of magic.
  1074 | D:2      | Reached skill level 3 in Fighting
  1074 | D:2      | Reached XP level 4. HP: 32/35 MP: 0/0
  1162 | D:2      | Noticed Natasha
  1168 | D:2      | Killed Natasha
  1169 | D:2      | Reached skill level 3 in Dodging
  1213 | D:2      | Found a sparkling altar of Nemelex Xobeh.
  1242 | D:2      | Reached XP level 5. HP: 40/40 MP: 0/0
  1242 | D:2      | Learned a level 2 spell: Lesser Beckoning
  1363 | D:2      | Noticed Natasha
  1365 | D:2      | Killed Natasha
  1525 | D:2      | 1525 ||| READING scroll of identify.
  1525 | D:2      | 1525 ||| IDENTIFYING silvery potion
  1526 | D:2      | 1526 ||| READING scroll labelled FAH TOYMMIRCHAF.
  1627 | D:3      | HP: 2/40 [orc priest/nerve-wracking pain (14)]
  1627 | D:3      | Slain by an orc wizard

Levels and vault maps discovered:
D:1:      onia_arrival_mini_maze_b, layout_basic,
          shapermc_ecumenical_altar_petra
D:2:      layout_rooms, basic_altar, uniq_natasha
D:3:      layout_basic, amcnicky_altar_gilded, chequers_arboretum

Skill      XL: |  1  2  3  4 |
---------------+-------------+-----
Ranged Weapons | 4 |  4.5
Fighting       | 3 |  3.1
Dodging        | 3 |  3.2
Stealth        | |  0.7

Action                     |  1- 3 |  4- 6 || total
---------------------------+-------+-------++-------
   Fire: Shortbow          |   101 |    89 ||   190
    Use: Scroll            |     4 |     2 ||     6
 Armour: Leather armour    |    31 |    44 ||    75
  Dodge: Dodged            |    27 |    36 ||    63

Table legend:
 A = Non-vault XP
 B = Vault XP
 C = Vault XP percentage of total XP
 D = Non-vault monster count
 E = Vault monster count
 F = Vault count percentage of total count
                 A         B        C        D         E       F
            +---------+---------+-------+---------+---------+-------
      Total |     182 |      37 |  16.9 |      51 |       2 |   3.8
            +---------+---------+-------+---------+---------+-------
        D:1 |      41 |       2 |   4.7 |      25 |       1 |   3.8
        D:2 |     129 |      35 |  21.3 |      21 |       1 |   4.5
        D:3 |      12 |       0 |   0.0 |       5 |       0 |   0.0
            +---------+---------+-------+---------+---------+-------
